 Dungeon Crawl Stone Soup version 0.30.1-11-g7821555f0a (webtiles) character file.

Game seed: 8646334934130393324

77 KhryDL the Chopper (level 4, 40/40 HPs)
             Began as a Hill Orc Fighter on Aug 11, 2023.
             Quit the game on level 2 of the Dungeon on Dec 13, 2023.
             The game lasted 00:05:24 (1456 turns).

KhryDL the Chopper (Hill Orc Fighter)               Turns: 1456, Time: 00:05:24

Health: 40/40      AC: 11    Str: 20    XL:     4   Next: 34%
Magic:  4/4        EV:  8    Int:  8    God:
Gold:   49         SH:  0    Dex: 10    Spells: 3/3 levels left

rFire   . . .        a - +0 war axe
rCold   . . .        (no shield)
rNeg    . . .        k - +0 chain mail
rPois   .            (no helmet)
rElec   .            (no cloak)
rCorr   .            (no gloves)
SInv    +            j - +1 pair of boots
Will    .....        (no amulet) Stlth
                     f - ring of see invisible
HPRegen 0.26/turn    (no ring)
MPRegen 0.09/turn

%: no passive effects
@: no status effects
A: no striking features
a: no special abilities


You were on level 2 of the Dungeon.
You visited 1 branch of the dungeon, and saw 2 of its levels.

You collected 49 gold pieces.

Inventory:

Hand Weapons
 a - a +0 war axe (weapon)
Armour
 b - a +0 scale mail
 c - a +0 buckler
 j - a +1 pair of boots (worn)
 k - a +0 chain mail (worn)
Jewellery
 f - a ring of see invisible (left hand)
Scrolls
 g - a scroll of blinking {unknown}
 i - a scroll of immolation
 l - a scroll of teleportation {unknown}
 m - a scroll of identify {unknown}
Potions
 d - 3 potions of might
 e - 2 potions of magic {unknown}
 h - a potion of brilliance


   Skills:
 + Level 4.2 Fighting
 * Level 4.2 Axes
 + Level 3.8 Armour
 + Level 1.1 Dodging
 - Level 3.2 Shields


You had 3 spell levels left.
You didn't know any spells.
Your spell library contained the following spells:

 Spells                   Type           Power      Damage    Failure   Level
 Ensorcelled Hibernation  Hex/Ice        0%         N/A       99%         2
 Sublimation of Blood     Necr           0%         N/A       99%         2
 Wereblood                Tmut           0%         N/A       99%         2
 Spider Form              Tmut/Pois      0%         N/A       100%        3
 Anguish                  Hex/Necr       0%         N/A       100%        4
 Summon Hydra             Summ           0%         N/A       100%        7


Dungeon Overview and Level Annotations

Branches:
Dungeon (2/15)

Altars:


Message History

You closely miss the bat. The bat hits you but does no damage.
You hit the bat but do no damage. The bat hits you.
The bat hits you but does no damage.
You barely miss the bat. The bat closely misses you. x2
You hit the bat.
The bat is moderately wounded.
The bat closely misses you. The bat hits you but does no damage.
You miss the bat.
The bat is moderately wounded.
The bat hits you but does no damage. x2
The bat hits you but does no damage.
You hit the bat.
You kill the bat!
Found a short sword.
Found an escape hatch in the floor.
A dart slug comes into view.
The dart slug launches a dart at you.
The slug dart hits you but does no damage.
The dart slug launches a dart at you. The slug dart hits you.
You slash the dart slug!
The dart slug is severely wounded.
The dart slug launches a dart at you. The slug dart hits you.
You slash the dart slug!
You kill the dart slug!
No target in view!
Found a mace.
You see here a +0 mace.
A rat comes into view.
The rat bites you but does no damage.
You closely miss the rat. The rat barely misses you.
You slash the rat!
You kill the rat!
An adder comes into view.
The adder hisses angrily.
Welcome back, KhryDL the Hill Orc Fighter.
Press ? for a list of commands and other information.
Unknown command.
Are you sure you want to abandon this character and quit the game? (Confirm with "yes".)

########
##############.......
#..............######
..#..#................#
.......#.#.##########.#
#.#.#.##........ #.#
#.@###########.##.#
#.S...## #..... #.....
####.# #..... #.#
#..... #.# #..... #..
#.....#.# ### #.....#.#
... #.#


You could see an adder.

Vanquished Creatures
  3 adders (D:2)
  3 dart slugs
  4 endoplasms
  2 giant cockroaches (D:1)
  4 goblins (D:1)
  6 hobgoblins (D:1)
  3 jackals (D:2)
  5 kobolds (D:1)
  2 quokkas
  2 ball pythons
  3 bats
  A frilled lizard (D:2)
  5 rats
43 creatures vanquished.

Notes
Turn   | Place    | Note
-------+----------+-------------------------------------------
     0 | D:1      | KhryDL the Hill Orc Fighter began the quest for the Orb.
     0 | D:1      | Reached XP level 1. HP: 19/19 MP: 1/1
   146 | D:1      | Reached XP level 2. HP: 18/27 MP: 2/2
   219 | D:1      | Found a faded altar of an unknown god.
   517 | D:1      | Reached XP level 3. HP: 29/33 MP: 3/3
  1153 | D:2      | Reached skill level 1 in Dodging
  1153 | D:2      | Reached XP level 4. HP: 4/40 MP: 4/4
  1456 | D:2      | Upgraded the game from 0.30.1-4-g462c640d31 to
                  | 0.30.1-11-g7821555f0a
  1456 | D:2      | Quit the game

Illustrated notes

Levels and vault maps discovered:
D:1:      dpeg_arrival_water_temple_mockup, layout_basic,
          dilly_ecumenical_altar_fadedgnrine, hangedman_glass_teeth
D:2:      layout_loops_ring, grunt_ministairs_5, serial_bayou_ford_a,
          minmay_goblin_kobold_house

Skill      XL: |  1  2  3 |
---------------+----------+-----
Axes           | 3 4 |  4.2
Fighting       | 4 |  4.2
Dodging        | 1 |  1.1
Armour         | |  3.8
Shields        | |  3.2

Action                     |  1- 3 |  4- 6 || total
---------------------------+-------+-------++-------
  Melee: War axe           |    88 |    31 ||   119
    Use: Scroll            |     4 |       ||     4
         Potion            |     2 |       ||     2
 Armour: Scale mail        |     9 |       ||     9
         Chain mail        |    50 |    30 ||    80
  Dodge: Dodged            |    43 |    15 ||    58
